 Seeded DCSS version 0.28.0-53-g5a82cb258f (webtiles) character file.

Game seed: 100100109875321 (custom seed)

237 xaos the Magician (level 5, -2/49 HPs)
             Began as a Troll Hedge Wizard on June 1, 2022.
             Was a Follower of Makhleb.
             Slain by a goblin
             ... wielding a +0 club
             ... led by Robin
              (6 damage)
             ... on level 3 of the Dungeon.
             The game lasted 00:16:03 (2496 turns).

xaos the Magician (Troll Hedge Wizard)              Turns: 2496, Time: 00:16:04

Health: -2/49      AC:  4    Str: 18    XL:     5   Next: 77%
Magic:  7/7        EV: 10    Int: 10    God:    Makhleb [*.....]
Gold:   32         SH:  0    Dex: 11    Spells: 0/8 levels left

rFire   . . .      SeeInvis +   o - +0 mace
rCold   . . .      Faith    .   (no shield)
rNeg    . . .      Spirit   .   b - +0 robe
rPois   .          Reflect  .   c - +0 hat
rElec   .          Harm     .   (no cloak)
rCorr   .          Rampage  .   (gloves unavailable)
Will    .....                   (boots unavailable)
Stlth   ++........              (no amulet)
HPRegen 0.96/turn               f - ring of see invisible
MPRegen 0.10/turn               (no ring)

@: no status effects
A: large, unfitting armour, claws 3, regeneration 1, shaggy fur 1, tough skin 1
a: Renounce Religion


You were on level 3 of the Dungeon.
You worshipped Makhleb.
Makhleb was aware of your devotion.
You visited 1 branch of the dungeon, and saw 3 of its levels.

You collected 32 gold pieces.

Inventory:

Hand Weapons
 a - a +0 dagger
 j - a +0 short sword
 o - a +0 mace (weapon)
 p - a +0 trident
Missiles
 d - 5 boomerangs
 q - 6 silver javelins (quivered)
Armour
 b - a +0 robe (worn)
 c - a +0 hat (worn)
Jewellery
 f - a ring of see invisible (left claw)
Scrolls
 e - a scroll of amnesia {unknown}
 g - 2 scrolls of identify {unknown}
 h - a scroll of teleportation {unknown}
 l - a scroll of fog {unknown}
 n - a scroll of holy word {unknown}
Potions
 i - 2 potions of mutation {unknown}
 k - 2 potions of haste {unknown}
 m - a potion of resistance {unknown}


   Skills:
 + Level 1.7 Fighting
 + Level 0.5 Short Blades
 + Level 1.1 Maces & Flails
 + Level 1.0 Polearms
 + Level 2.3 Throwing
 + Level 2.2 Dodging
 + Level 1.3 Stealth
 + Level 2.4 Spellcasting
 + Level 0.8 Conjurations
 + Level 0.6 Summonings
 + Level 0.6 Translocations


You couldn't memorise any spells.
You knew the following spells:

 Your Spells              Type           Power      Damage    Failure   Level
a - Magic Dart            Conj           8%         1d3       22%         1
b - Slow                  Hex            4%         N/A       30%         1
c - Call Imp              Summ           2%         N/A       34%         2
d - Blink                 Tloc           4%         N/A       34%         2
e - Poisonous Vapours     Pois/Air       2%         N/A       41%         2

Your spell library contained the following spells:

 Spells                   Type           Power      Damage    Failure   Level
 Corpse Rot               Necr/Air       2%         N/A       41%         2
 Gell's Gravitas          Tloc           2%         N/A       56%         3
 Lesser Beckoning         Tloc           2%         N/A       56%         3
 Teleport Other           Tloc           2%         N/A       56%         3
 Conjure Flame            Conj/Fire      2%         6-21      58%         3
 Mephitic Cloud           Conj/Pois/Air  1%         N/A       63%         3
 Summon Ice Beast         Ice/Summ       1%         N/A       95%         4
 Summon Mana Viper        Hex/Summ       1%         N/A       100%        5
 Monstrous Menagerie      Summ           1%         N/A       100%        7


Dungeon Overview and Level Annotations

Branches:
Dungeon (3/15)

Altars:
Makhleb

Annotations:
D:3 Jessica, Robin


Innate Abilities, Weirdness & Mutations

You are too large for most types of armour.
You have claws for hands.
Your natural rate of healing is unusually fast.
You are covered in fur. (AC +1)
You have tough skin. (AC +1)


Message History

A goblin comes into view. It is wielding a +0 dagger. x2
Robin and a goblin come into view.
Robin is wielding a +1 falchion of freezing.
The goblin shouts! x2
A hobgoblin comes into view.
The orc closely misses you. The goblin hits you with a +0 club.
Save game and exit?
Level annotation: Jessica, Robin Welcome back, xaos the Troll Hedge Wizard.
Game seed: 100100109875321 (custom seed) Blood and souls for Makhleb!
Press ? for a list of commands and other information.
Robin roars a battlecry!
The goblins go into a battle-frenzy!
The goblin hits you with a +0 club.
The goblin shouts!
You hear a shout!
Robin says, "Duck!"
The hobgoblin hits you.
A goblin comes into view. It is wielding a +0 short sword.
You hit the orc priest but do no damage.
The orc hits you with a +0 club.
The orc priest hits you but does no damage.
Jessica casts a spell at you. Pain shoots through your body!
The orc priest misses you.
Jessica points at you and mumbles some strange words.
Pain shoots through your body!
* * * LOW HITPOINT WARNING * * *
Robin roars a battlecry!
The orc priest barely misses you. Jessica hits you with a +0 dagger.
* * * LOW HITPOINT WARNING * * *
Jessica barely misses you.
The orc priest miscasts a cantrip.
Jessica hits you with a +0 dagger.
* * * LOW HITPOINT WARNING * * *
The orc wizard casts a spell at you. The puff of flame hits you.
* * * LOW HITPOINT WARNING * * *
The goblin hits you with a +0 club.
You die...

######............†...#
#.....................#
#.####.....####+###+#.# #.#
#.######.......#.# #.#
##..............#.# #.#
#...............#.# #.#
#.................. #.#
#.................. #.#
#..@@oo..##........ #.#
#...g.g.gg.h.......
#.###..##.##g##.###.#.##
#.........o..og.###.....
######..>....gg.g....g#.##
#........###....g..........
#......).###..####.g.......
...........................
...................†.......


You could see Robin, an orc priest, an orc wizard, Jessica (fast), an orc, 2
hobgoblins and 5 goblins.

Vanquished Creatures
  A howler monkey (D:2)
  A bullfrog zombie (D:3)
  Terence (D:2)
  Ijyb (D:3)
  4 adders
  3 worms (D:2)
  4 dart slugs
  5 endoplasms
  3 giant cockroaches
  4 goblins
  3 hobgoblins
  6 jackals
  7 kobolds
  5 quokkas
  4 ball pythons
  5 bats
  2 frilled lizards
  3 rats
62 creatures vanquished.

Vanquished Creatures (others)
  4 plants (D:2)
4 creatures vanquished.

Grand Total: 66 creatures vanquished

Notes
Turn   | Place    | Note
-------+----------+-------------------------------------------
     0 | D:1      | xaos the Troll Hedge Wizard began the quest for the Orb.
     0 | D:1      | Reached XP level 1. HP: 16/16 MP: 2/2
   105 | D:1      | Reached XP level 2. HP: 18/24 MP: 4/4
   494 | D:1      | Reached XP level 3. HP: 29/32 MP: 5/5
   518 | D:1      | Learned a level 1 spell: Slow
   924 | D:1      | Reached skill level 1 in Throwing
  1348 | D:2      | Reached XP level 4. HP: 40/40 MP: 2/6
  1796 | D:2      | Reached skill level 1 in Maces & Flails
  1925 | D:2      | Learned a level 2 spell: Call Imp
  1928 | D:2      | Learned a level 2 spell: Blink
  2073 | D:2      | Found a faded altar of an unknown god.
  2073 | D:2      | Noticed an eye of devastation
  2080 | D:2      | Noticed Terence
  2081 | D:2      | Noticed a golden eye
  2081 | D:2      | Noticed a great orb of eyes
  2081 | D:2      | Noticed a floating eye
  2096 | D:2      | Killed Terence
  2097 | D:2      | Reached skill level 1 in Polearms
  2097 | D:2      | Reached XP level 5. HP: 36/46 MP: 5/7
  2125 | D:2      | Prayed at the altar of an unknown god.
  2125 | D:2      | Became a worshipper of Makhleb the Destroyer
  2125 | D:2      | Reached * piety under Makhleb
  2285 | D:3      | Reached skill level 1 in Fighting
  2327 | D:3      | Learned a level 2 spell: Poisonous Vapours
  2412 | D:3      | Noticed Ijyb
  2412 | D:3      | Noticed Jessica
  2428 | D:3      | Killed Ijyb
  2487 | D:3      | Noticed Robin
  2496 | D:3      | Slain by a goblin

Illustrated notes

Levels and vault maps discovered:
D:1:      amcnicky_arrival_single_pillar, layout_loops_ring, minmay_heptomino_l4
D:2:      wad_lake_hut, layout_basic, hellmonk_ecumenical_altar_watching_god,
          uniq_terence
D:3:      layout_basic, uniq_ijyb, uniq_jessica, uniq_robin,
          uniq_crazy_yiuf_cottage

Skill      XL: |  1  2  3  4  5 |
---------------+----------------+-----
Throwing       | 1 2 |  2.3
Dodging        | 2 |  2.2
Maces & Flails | 1 |  1.1
Polearms       | 1 |  1.0
Fighting       | 1 |  1.7
Short Blades   | |  0.5
Stealth        | |  1.3
Spellcasting   | |  2.4
Conjurations   | |  0.8
Summonings     | |  0.6
Translocations | |  0.6

Action                   |  1- 3 |  4- 6 || total
-------------------------+-------+-------++-------
Melee: Dagger            |    17 |       ||    17
       Short sword       |    40 |       ||    40
       Mace              |    37 |   114 ||   151
       Punch             |     1 |     2 ||     3
       Trident           |       |     9 ||     9
Throw: Boomerang         |    40 |     9 ||    49
       Javelin           |       |     1 ||     1
 Cast: Magic Dart        |    11 |       ||    11
       Slow              |     1 |     1 ||     2
 Stab: Sleeping          |     1 |     2 ||     3
Armor: Robe              |    45 |    54 ||    99
Dodge: Dodged            |    92 |   104 ||   196
